 Dungeon Crawl Stone Soup version 0.29-a0-270-g1586fc07ea (webtiles) character file.

Game seed: 2338401111118073954

1586 spaghetti the Blocker (level 8, -1/92 HPs)
             Began as an Ogre Chaos Knight on Mar 7, 2022.
             Was a Plaything of Xom.
             Slain by a centaur (4 damage)
             ... on level 6 of the Dungeon.
             The game lasted 00:08:23 (4033 turns).

spaghetti the Blocker (Ogre Chaos Knight)           Turns: 4033, Time: 00:08:24

Health: -1/92      AC:  7    Str: 18 (19) XL:     8   Next: 92%
Magic:  8/8        EV:  9    Int: 16 (19) God:    Xom [..*...]
Gold:   206        SH:  0    Dex:  9 (10) Spells: 7/7 levels left

rFire   . . .      SeeInvis +   i - +2 dagger (elec) {short}
rCold   . . .      Faith    .   o - +0 kite shield
rNeg    . . .      Spirit   .   b - +2 robe
rPois   .          Reflect  .   (helmet restricted)
rElec   .          Harm     .   (no cloak)
rCorr   .          Rampage  .   (gloves unavailable)
Will    +....                   (boots unavailable)
Stlth   ++........              (no amulet)
HPRegen 0.25/turn               y - +6 ring of intelligence
MPRegen 0.11/turn               v - ring of see invisible

@: confused, brilliant, lethally poisoned (-1 -> -17), ambrosia-drunk
A: large, unfitting armour, tough skin 1, hooves 1, horns 1, iridescent scales
1, thin skeletal structure 1, strong-willed 1, robust 1
a: Renounce Religion


You were on level 6 of the Dungeon.
You worshipped Xom.
You were a toy of Xom.
You visited 1 branch of the dungeon, and saw 6 of its levels.

You collected 288 gold pieces.
You spent 82 gold pieces at shops.


Innate Abilities, Weirdness & Mutations

You are too large for most types of armour.
You have tough skin. (AC +1)
You have large cloven feet.
You have a pair of small horns on your head.
You are partially covered in iridescent scales. (AC +2)
You have a somewhat thin skeletal structure. (Dex +2, Stealth+)
You are strong-willed. (Will+)
You are robust. (+10% HP)


   Skills:
 - Level 6.8 Fighting
 - Level 2.6 Maces & Flails
 - Level 1.4 Throwing
 - Level 2.1 Dodging
 + Level 9.0 Shields


You had 7 spell levels left.
You didn't know any spells.
Your spell library contained the following spells:

 Spells                   Type           Power      Damage    Failure   Level
 Beastly Appendage        Tmut           0%         N/A       43%         1
 Magic Dart               Conj           0%         1d3       43%         1
 Corpse Rot               Necr/Air       0%         N/A       58%         2
 Poisonous Vapours        Pois/Air       0%         N/A       58%         2
 Searing Ray              Conj           0%         2d4       58%         2
 Static Discharge         Conj/Air       0%         N/A       58%         2
 Wereblood                Tmut           0%         N/A       58%         2
 Spider Form              Tmut/Pois      0%         N/A       82%         3
 Dispel Undead            Necr           0%         3d6       99%         4
 Fulminant Prism          Conj/Hex       0%         3d6       99%         4
 Sticky Flame             Conj/Fire      0%         2d3       99%         4

Inventory:

Hand Weapons
 a - a +0 mace of chaos {mace}
 i - a +2 dagger of electrocution (weapon) {short}
   (You took it off a kobold on level 1 of the Dungeon)
 u - a +4 dagger {short}
   (You found it on level 3 of the Dungeon)
Missiles
 d - 44 stones (quivered) {throwing}
 e - 5 poisoned darts {throwing}
 k - 5 javelins {throwing}
Armour
 b - a +2 robe (worn)
 o - a +0 kite shield (worn)
   (You found it on level 3 of the Dungeon)
Magical Staves
 z - a staff of death {!astaff}
   (You found it on level 4 of the Dungeon)
Jewellery
 v - a ring of see invisible (right hand)
   (You found it on level 3 of the Dungeon)
 y - a +6 ring of intelligence (left hand)
   (You found it on level 4 of the Dungeon)
Wands
 h - a wand of flame (24)
   (You took it off Dowan on level 5 of the Dungeon)
 w - a wand of acid (8)
   (You found it on level 4 of the Dungeon)
Scrolls
 f - a scroll of enchant weapon {unknown}
 g - 2 scrolls of blinking {unknown}
 m - a scroll of holy word {unknown}
 p - 2 scrolls of fog
 r - a scroll of immolation {unknown}
 s - a scroll of torment {unknown}
 t - a scroll of identify {@r1}
 B - a scroll of vulnerability {!r!r}
Potions
 l - a potion of mutation {!q}
 q - a potion of magic
Miscellaneous
 c - a piece from Xom's chessboard (15/15)

Dungeon Overview and Level Annotations

Branches:
Dungeon (6/15)
 Temple: D:4-7

Altars:
The Shining One

Shops:
D:3 ?= D:4

[ ** #..# * **
#..# * ,,,,**
#..# +* + * #..#
≈ *,, #..# ≈≈* ,*
#..##### ≈ ≈ *
#....<.# * ,
####.###.# * *
#c@SS# #.# , ≈ *
, #S#### #.# ,
*++** * #F# #.# ,
≈≈*, * #h# #.# **
* , ** *#o#* #.#
,, ,.......O.#
#.# * *
#####.....# #.#
**** *,
,,,,.........,,,*
* ** ,*
###.....###*** ⌠
*


You could see a water moccasin, an ogre, a bullfrog, a centaur, a howler monkey,
2 adders and an orc.


Message History

You hit the hound but do no damage.
You feel sick. The hound bites you.
An orc comes into view. It is wielding a +0 whip. 😮 HP[-3]
You take 3 damage, and now have 51/92 hp.
You hit the hound. Lightning courses through the hound!
You kill the hound!
You feel sick. The howler monkey hits you.
Your Shields skill increases to level 9! 😮 HP[-3]
You take 3 damage, and now have 48/92 hp.
You hit the howler monkey. Your kick misses the howler monkey.
Your headbutt misses the howler monkey.
You feel sick.
An ogre comes into view. It is wielding a +0 giant club.
The orc hits you but does no damage.
The howler monkey completely misses you. 😮 HP[-1]
You take 1 damage, and now have 47/92 hp.
You hit the howler monkey. You kick the howler monkey.
You headbutt the howler monkey.
You feel sick. The howler monkey barely misses you. You block the orc's attack.
A bullfrog comes into view.
You hit the orc. You kick the orc.
You feel sick.
Xom decides to shift things around a little.
The howler monkey blinks!
The ogre blinks!
The bullfrog blinks!
The orc blinks!
A centaur comes into view.
You feel sick. You block the orc's attack.
A water moccasin comes into view.
Okay, then.
As you read the scroll labelled TAXOUK FAONTI UVA, it crumbles to dust.
You feel strangely unstable.
It was a scroll of teleportation.
You feel sick.
You are no longer poisoned.
You block the orc's attack. The howler monkey hits you.
* * * LOW HITPOINT WARNING * * *
😨 HP[-6]
You take 6 damage, and now have 41/92 hp.
It was a potion of mutation.
You feel extremely strange.
Your rate of healing slows.
You no longer feel cold resistant.
Your hooves look more like feet.
You feel strong-willed.
The howler monkey hits you but does no damage.
The orc hits you with a +0 whip.
* * * LOW HITPOINT WARNING * * *
The ogre hits you with a +0 giant club!
* * * LOW HITPOINT WARNING * * *
😨 HP[-13]
You take 13 damage, and now have 28/92 hp.
It was a potion of degeneration.
There was something very wrong with that liquid.
You feel weakened.
You feel dopey.
You feel clumsy.
Your surroundings seem slightly different.
An adder comes into view.
The water moccasin bites you.
* * * LOW HITPOINT WARNING * * *
You are poisoned.
The water moccasin poisons you! You block the centaur's attack.
The centaur kicks you but does no damage.
An adder comes into view.
The water moccasin bites you.
* * * LOW HITPOINT WARNING * * *
You are lethally poisoned!
The water moccasin poisons you! You block the adder's attack. 😱 HP[-8]
You take 8 damage, and now have 20/92 hp.
Okay, then.
It was a potion of brilliance.
You feel clever all of a sudden.
The sentinel's mark upon you fades away.
* * * LOW HITPOINT WARNING * * *
You feel extremely sick.
Xom smirks.
You feel aware of your surroundings. You block the centaur's attack.
The centaur kicks you but does no damage.
You block the water moccasin's attack. The adder bites you.
* * * LOW HITPOINT WARNING * * *
An adder comes into view.
The centaur completely misses you.
The centaur kicks you but does no damage. 😱 HP[-9]
You take 9 damage, and now have 11/92 hp.
Okay, then.
You are confused.
You feel invigorated.
* * * LOW HITPOINT WARNING * * *
You feel very sick. The water moccasin bites you.
* * * LOW HITPOINT WARNING * * *
The adder barely misses you.
The centaur hits you but does no damage.
The centaur kicks you.
* * * LOW HITPOINT WARNING * * *
The howler monkey hoots and howls with incredible vigour!
The water moccasin bites you but does no damage. 😱 HP[-6]
You take 6 damage, and now have 5/92 hp.
You bump into the rock wall.
* * * LOW HITPOINT WARNING * * *
You feel very sick. The centaur hits you.
You die...
Xom chuckles heartily!

Skill      XL: |  1  2  3  4  5  6  7  8 |
---------------+-------------------------+-----
Fighting       | 5 6 |  6.8
Throwing       | 1 |  1.4
Shields        | 1 3 5 7 9 |  9.0
Maces & Flails | |  2.6
Dodging        | |  2.1

Action                   |  1- 3 |  4- 6 |  7- 9 || total
-------------------------+-------+-------+-------++-------
Melee: Mace              |    55 |       |       ||    55
       Dagger            |    52 |   142 |   113 ||   307
       Headbutt          |     5 |    17 |    14 ||    36
       Kick              |       |    27 |    34 ||    61
       Punch             |       |     1 |       ||     1
Throw: Stone             |    16 |       |     1 ||    17
  Use: Scroll            |       |     3 |     2 ||     5
       Potion            |       |     2 |     6 ||     8
 Stab: Sleeping          |     2 |     4 |     1 ||     7
Armor: Robe              |    48 |    49 |    37 ||   134
Dodge: Dodged            |    63 |    44 |    42 ||   149
Block: Kite shield       |       |    37 |    53 ||    90

Levels and vault maps discovered:
D:1:      psy_arrival_basics, layout_basic, minmay_liquid_box, st_stairs_7
D:2:      layout_basic, basic_altar
D:3:      layout_loops_cross, serial_shops, shop, shop_scrolls,
          minmay_misc_feat_nine_boxes, minmay_quantized, uniq_terence
D:4:      layout_rooms, serial_shops, nicolae_shop_behind_doors,
          nzn_random_ring, uniq_edmund
D:5:      layout_rooms, uniq_blork_the_orc, uniq_duvessa, uniq_pikel
D:6:      layout_loops_ring, minmay_temple_entry_junction, gup_sewer_entry_bowl,
          kennysheep_decorative_pillar, hangedman_abyss_or_decor_stagger,
          st_stairs_3, minmay_circle_x

Notes
Turn   | Place    | Note
-------+----------+-------------------------------------------
     0 | D:1      | spaghetti the Ogre Chaos Knight began the quest for the
                  | Orb.
     0 | D:1      | Reached XP level 1. HP: 24/24 MP: 1/1
     0 | D:1      | magus.rc [v1.9.6]
    92 | D:1      | XOM: divination: detect creatures
   121 | D:1      | Reached XP level 2. HP: 33/33 MP: 2/2
   180 | D:1      | XOM: silly message
   270 | D:1      | XOM: silly message
   274 | D:1      | Reached skill level 5 in Fighting
   407 | D:1      | XOM is BORED!
   407 | D:1      | XOM: noise
   421 | D:1      | Reached XP level 3. HP: 24/42 MP: 3/3
   970 | D:1      | XOM: give mutations
   970 | D:1      | Gained mutation: You have a pair of small horns on your
                  | head. [Xom's grace]
   970 | D:1      | Gained mutation: You are robust. (+10% HP) [Xom's grace]
   970 | D:1      | Gained mutation: You have hidden genetic potential. [Xom's
                  | grace]
   970 | D:1      | Gained mutation: You have a somewhat thin skeletal
                  | structure. (Dex +2, Stealth+) [Xom's grace]
  1527 | D:2      | Reached skill level 6 in Fighting
  1779 | D:2      | Reached XP level 4. HP: 57/57 MP: 4/4
  1783 | D:2      | XOM: cloud trail
  1897 | D:2      | Gained mutation: You have large cloven feet. [hidden
                  | potential]
  1964 | D:2      | Reached skill level 1 in Throwing
  1972 | D:2      | Found a glowing golden altar of the Shining One.
  2077 | D:3      | XOM: noise
  2082 | D:3      | XOM is BORED!
  2082 | D:3      | XOM: noise
  2143 | D:3      | Found Bafec's Magic Scroll Emporium.
  2151 | D:3      | Bought a scroll of identify for 20 gold pieces
  2215 | D:3      | XOM: give mutations
  2215 | D:3      | Gained mutation: You are partially covered in iridescent
                  | scales. (AC +2) [Xom's grace]
  2215 | D:3      | Gained mutation: Your flesh is cold resistant. (rC+) [Xom's
                  | grace]
  2215 | D:3      | Gained mutation: Your natural rate of healing is unusually
                  | fast. [Xom's grace]
  2386 | D:3      | Reached skill level 1 in Shields
  2394 | D:3      | Reached XP level 5. HP: 67/67 MP: 5/5
  2395 | D:3      | Gained mutation: You have hoof-like feet. [hidden
                  | potential]
  2395 | D:3      | Lost mutation: You have hidden genetic potential. [hidden
                  | potential expressed]
  2677 | D:3      | Noticed Terence
  2687 | D:3      | Killed Terence
  2688 | D:3      | Reached skill level 2 in Shields
  2800 | D:3      | Found Giozun's Jewellery Shop.
  2906 | D:3      | XOM: summons 2 hostile shadow creatures
  3008 | D:4      | Reached skill level 3 in Shields
  3014 | D:4      | XOM: 1-stop teleportation journey
  3026 | D:4      | Reached XP level 6. HP: 67/74 MP: 6/6
  3252 | D:4      | Reached skill level 4 in Shields
  3259 | D:4      | XOM: 3-stop teleportation journey
  3346 | D:4      | Found Bysysh's Antique Armour Shoppe.
  3351 | D:4      | Bought a glowing robe for 62 gold pieces
  3432 | D:4      | Noticed Edmund
  3439 | D:4      | Killed Edmund
  3440 | D:4      | Reached skill level 5 in Shields
  3440 | D:4      | Reached XP level 7. HP: 70/83 MP: 7/7
  3456 | D:5      | Entered Level 5 of the Dungeon
  3456 | D:5      | Noticed Duvessa
  3456 | D:5      | Noticed Dowan
  3499 | D:5      | Killed Dowan
  3504 | D:5      | Killed Duvessa
  3544 | D:5      | Noticed Pikel
  3549 | D:5      | Killed Pikel
  3550 | D:5      | Reached skill level 7 in Shields
  3550 | D:5      | Reached XP level 8. HP: 85/92 MP: 8/8
  3583 | D:5      | You pick up a book of Conjurations {@e2} and begin
                  | reading...
  3583 | D:5      | You add the spells Magic Dart, Searing Ray and Fulminant
                  | Prism to your library.
  3642 | D:5      | You pick up a book of Touch and begin reading...
  3642 | D:5      | You add the spells Static Discharge, Sticky Flame and
                  | Dispel Undead to your library.
  3650 | D:5      | XOM: divination: magic mapping
  3663 | D:5      | Reached skill level 8 in Shields
  3714 | D:5      | Noticed Blork the orc
  3719 | D:5      | XOM: divination: detect creatures
  3722 | D:5      | XOM: enchant monster (good)
  3724 | D:5      | Noticed Blork
  3724 | D:5      | Blork the orc changed into Blork the gnoll
  3724 | D:5      | XOM: polymorph Blork the orc -> Blork the gnoll
  3741 | D:5      | Killed Blork the gnoll
  3743 | D:5      | XOM: cleaving
  3781 | D:5      | You pick up a book of Vapours and begin reading...
  3781 | D:5      | You add the spells Poisonous Vapours and Corpse Rot to your
                  | library.
  3808 | D:5      | You pick up a book of Changes and begin reading...
  3808 | D:5      | You add the spells Beastly Appendage, Wereblood and Spider
                  | Form to your library.
  3956 | D:5      | XOM: divination: detect items
  4024 | D:6      | Reached skill level 9 in Shields
  4026 | D:6      | XOM: blink monster(s)
  4029 | D:6      | Lost mutation: Your natural rate of healing is unusually
                  | fast. [potion of mutation]
  4029 | D:6      | Lost mutation: Your flesh is cold resistant. (rC+) [potion
                  | of mutation]
  4029 | D:6      | Lost mutation: You have hoof-like feet. [potion of
                  | mutation]
  4029 | D:6      | Gained mutation: You are strong-willed. (Will+) [potion of
                  | mutation]
  4030 | D:6      | HP: 20/92 [water moccasin (5)]
  4031 | D:6      | XOM: divination: magic mapping
  4032 | D:6      | HP: 7/92 [water moccasin (3)]
  4033 | D:6      | HP: 3/92 [poisoned by a water moccasin]
  4033 | D:6      | Slain by a centaur

Vanquished Creatures
  Pikel (D:5)
  Duvessa (D:5)
  An ice beast (D:5)
  A sky beast (D:5)
  2 scorpions
  Dowan (D:5)
  2 hounds
  A jelly (D:4)
  An orc priest (D:4)
  4 iguanas
  Terence (D:3)
  4 gnolls
  7 adders
  A shadow imp (D:6)
  2 white imps (D:5)
  An ufetubus (D:5)
  A worm (D:2)
  6 dart slugs
  6 orcs
  9 ball pythons
  5 bats
  7 endoplasms
  4 giant cockroaches
  10 goblins
  12 hobgoblins
  9 kobolds
  3 quokkas
  3 frilled lizards
  8 rats
114 creatures vanquished.

Vanquished Creatures (collateral kills)
  Edmund (D:4)
  An ogre (D:4)
  A giant cockroach (D:4)
  2 hobgoblins (D:4)
  A ball python (D:4)
6 creatures vanquished.

Grand Total: 120 creatures vanquished

Table legend:
 A = Non-vault XP
 B = Vault XP
 C = Vault XP percentage of total XP
 D = Non-vault monster count
 E = Vault monster count
 F = Vault count percentage of total count
                 A         B        C        D         E       F
            +---------+---------+-------+---------+---------+-------
      Total |    1202 |    1065 |  47.0 |     108 |      12 |  10.0
            +---------+---------+-------+---------+---------+-------
        D:1 |      51 |       4 |   7.3 |      26 |       2 |   7.1
        D:2 |      63 |       0 |   0.0 |      19 |       0 |   0.0
        D:3 |      66 |      43 |  39.4 |      16 |       5 |  23.8
        D:4 |     373 |     149 |  28.5 |      30 |       1 |   3.2
        D:5 |     515 |     869 |  62.8 |      14 |       4 |  22.2
        D:6 |     134 |       0 |   0.0 |       3 |       0 |   0.0
            +---------+---------+-------+---------+---------+-------

Illustrated notes

Table legend:
 A = Kills in this place as a percentage of kills in entire the game.
 B = Kills by you in this place as a percentage of kills by you in the entire game.
 C = Kills by friends in this place as a percentage of kills by friends in the entire game.
 D = Other kills in this place as a percentage of other kills in the entire game.
 E = Experience gained in this place as a percentage of experience gained in the entire game.
 F = Experience gained in this place divided by the number of levels of this place that you have seen.
                   A       B       C       D       E      F
               +-------+-------+-------+-------+-------+----------------------
         Total | 100.0 | 100.0 | 100.0 |   N/A | 100.0 | 377.8
       Dungeon | 100.0 | 100.0 | 100.0 |   N/A | 100.0 | 377.8
               +-------+-------+-------+-------+-------+----------------------

Table legend: (Time is in decaauts)
 A = Elapsed time spent in this place.
 B = Non-inter-level travel time spent in this place.
 C = Inter-level travel time spent in this place.
 D = Time resting spent in this place.
 E = Time spent auto-exploring this place.
 F = Levels seen in this place.
 G = Mean time per level.
                   A        B        C        D        E       F      G
               +--------+--------+--------+--------+--------+-----+--------+
         Total |   4075 |   3902 |    173 |    331 |   2720 |   6 |  679.2 |
       Dungeon |   4075 |   3902 |    173 |    331 |   2720 |   6 |  679.2 |
               +--------+--------+--------+--------+--------+-----+--------+

Top non-repeatable levels by time:
     D:1: 1380 daAuts
     D:3: 849 daAuts
     D:2: 712 daAuts
     D:4: 572 daAuts
     D:5: 522 daAuts
     D:6: 38 daAuts
